 Dungeon Crawl Stone Soup version 0.20.1-1-g8b1a95d (webtiles) character file.

79 Folque the Conjurer (level 4, 0/28 HPs)
             Began as a Tengu Conjurer on Nov 2, 2017.
             Killed from afar by Natasha (6 damage)
             ... with a magic dart
             ... on level 3 of the Dungeon.
             The game lasted 00:07:05 (1878 turns).

Folque the Conjurer (Tengu Conjurer)                Turns: 1878, Time: 00:07:05

Health: 0/28       AC:  2    Str:  9    XL:     4   Next: 38%
Magic:  2/9        EV: 12    Int: 16    God:
Gold:   71         SH:  0    Dex: 14    Spells: 2/8 levels left

rFire    . . .     SeeInvis .   e - +1 dagger (venom)
rCold    . . .     Gourm    .   (no shield)
rNeg     . . .     Faith    .   a - +0 robe
rPois    .         Spirit   .   (helmet restricted)
rElec    .         Reflect  .   (no cloak)
rCorr    .         Harm     .   (no gloves)
MR       .....                  (boots unavailable)
Stlth    ++........             (no amulet)
Regen    0.1/turn               (no ring)
MPRegen  0.2/turn               (no ring)

@: very slightly contaminated, slowed, very slow
A: beak, talons 3
a: no special abilities


You were on level 3 of the Dungeon.
You were not hungry.

You visited 1 branch of the dungeon, and saw 3 of its levels.

You collected 71 gold pieces.

Inventory:

Hand Weapons
 e - a +1 dagger of venom (weapon)
 g - a +0 spear
Armour
 a - a +0 robe (worn)
Jewellery
 k - a +2 amulet of reflection {unknown}
Scrolls
 f - a scroll of teleportation {unknown}
 h - a scroll of remove curse {unknown}
 i - a scroll of magic mapping {unknown}
 j - 2 scrolls of recharging {unknown}
 l - a scroll of identify
 n - 2 scrolls of enchant weapon {unknown}
Potions
 o - a potion of haste {unknown}
Books
 b - a book of Conjurations

   Spells                             Type                      Level
   a - Magic Dart                     Conjuration                  1
   b - Searing Ray                    Conjuration                  2
   c - Dazzling Spray                 Conjuration/Hexes            3
   d - Fulminant Prism                Conjuration/Hexes            4
   e - Force Lance                    Conjuration/Translocation    4
   f - Iskenderun's Mystic Blast      Conjuration                  4
Comestibles
 c - 4 bread rations
 d - 6 chunks of flesh
 m - a meat ration
 p - a royal jelly


   Skills:
 - Level 3.0 Fighting
 - Level 2.1 Dodging
 - Level 2.0 Stealth
 + Level 2.8 Spellcasting
 * Level 5.4 Conjurations


You had 2 spell levels left.
You knew the following spells:

 Your Spells              Type           Power        Failure   Level  Hunger
a - Magic Dart            Conj           ###.         1%          1    #......
b - Searing Ray           Conj           ###...       3%          2    ##.....
c - Dazzling Spray        Conj/Hex       ##....       19%         3    ###....


Dungeon Overview and Level Annotations

Branches:
Dungeon (3/15)

Altars:
Okawaru

Annotations:
D:3 Natasha


Innate Abilities, Weirdness & Mutations

You have a beak for a mouth.
You have claws for feet.


Message History

Press: ? - help, Shift-Dir - straight line, f/p - Natasha
Aim: Natasha (heavily wounded, blind)
The spray of energy hits Natasha.
Natasha is severely wounded.
The spray of energy hits the adder.
The adder is moderately wounded.
The adder is dazzled.
You start resting.
Natasha stares at you and mumbles some strange words.
You feel yourself slow down.
Casting: Dazzling Spray
Confirm with . or Enter, or press ? or * to list all spells.
Aiming: Magic Dart
Press: ? - help, Shift-Dir - straight line, f/p - Natasha
Aim: Natasha (severely wounded)
The magic dart hits Natasha.
Natasha is almost dead.
Natasha stares at you and mumbles some strange words.
The magic dart hits you!
You die...

... #.....###.....#
r... ##..#.#.###.###
..... ###.##.>#.#.#
#.# ..#.##..#.#.# #.#
#.#.##..#.#.# #.#
....##..#.#.# #.# .
#.#S##......# #.# ...
#.#.###.#.#.# #.#
.##).#.#.###(#@#.# #.#
.......h.......#.###.#
..#...##.....###.....#
..... ####### #######
#.## #


You could see Natasha.

Vanquished Creatures
  A gnoll (D:1)
  An adder (D:2)
  2 worms
  A dart slug (D:1)
  A leopard gecko (D:2)
  An orc (D:3)
  2 ball pythons
  A giant cockroach (D:2)
  7 goblins
  9 hobgoblins
  A quokka (D:2)
  4 bats
  6 frilled lizards
  4 kobolds
  10 rats
51 creatures vanquished.

Notes
Turn   | Place    | Note
-------+----------+-------------------------------------------
     0 | D:1      | Folque the Tengu Conjurer began the quest for the Orb.
     0 | D:1      | Reached XP level 1. HP: 10/10 MP: 4/4
   101 | D:1      | Reached skill level 1 in Fighting
   192 | D:1      | Reached XP level 2. HP: 16/16 MP: 4/6
   524 | D:1      | Learned a level 2 spell: Searing Ray
   678 | D:1      | Reached XP level 3. HP: 21/21 MP: 5/7
  1114 | D:2      | Found an iron altar of Okawaru.
  1256 | D:2      | Reached XP level 4. HP: 27/27 MP: 4/9
  1789 | D:3      | Learned a level 3 spell: Dazzling Spray
  1855 | D:3      | Noticed Natasha
  1878 | D:3      | Killed from afar by Natasha

Skill      XL: |  1  2  3  4 |
---------------+-------------+-----
Fighting       | 1 2 3 |  3.0
Dodging        | |  2.1
Stealth        | |  2.0
Spellcasting   | |  2.8
Conjurations   | |  5.4

Action                   |  1- 3 |  4- 6 || total
-------------------------+-------+-------++-------
Melee: Club              |     3 |       ||     3
       Kick              |    11 |     3 ||    14
       Unarmed           |     1 |       ||     1
       Spear             |    32 |       ||    32
       Peck              |     3 |     1 ||     4
       Dagger            |    16 |    20 ||    36
 Cast: Magic Dart        |    24 |     5 ||    29
       Searing Ray       |     1 |     3 ||     4
       Dazzling Spray    |       |     2 ||     2
  Use: Scroll            |     1 |       ||     1
 Stab: Sleeping          |     3 |     4 ||     7
  Eat: Chunk             |     1 |     3 ||     4
Armor: Robe              |     2 |     3 ||     5
Dodge: Dodged            |    17 |    11 ||    28
